 Dungeon Crawl Stone Soup version 0.26-a0-597-gb535b0901c (webtiles) character file.

Game seed: 4780500723128066633

14341 Lanoc the Blocker (level 11, -3/113 HPs)
             Began as a Troll Fighter on Sept 14, 2020.
             Was a High Priest of the Shining One.
             Slain by a red ugly thing (15 damage)
             ... on level 11 of the Dungeon.
             The game lasted 00:21:11 (8946 turns).

Lanoc the Blocker (Troll Fighter)                   Turns: 8946, Time: 00:21:11

Health: -3/113     AC: 11    Str: 32    XL:     11   Next: 87%
Magic:  16/16      EV: 13    Int:  4    God:    the Shining One [*****.]
Gold:   530        SH: 12    Dex: 12    Spells: 10/10 levels left

rFire    . . .     SeeInvis .     - Unarmed
rCold    + . .     Faith    .   b - +0 kite shield
rNeg     + + .     Spirit   .   y - +0 swamp dragon scales
rPois    +         Reflect  .   (helmet restricted)
rElec    .         Harm     .   (no cloak)
rCorr    .                      (gloves unavailable)
MR       .....                  (boots unavailable)
Stlth    +.........             q - amulet of the acrobat
HPRegen  0.68/turn              J - +6 ring of strength
MPRegen  0.15/turn              D - ring of protection from cold

@: mighty, glowing, lightly drained
A: large, unfitting armour, claws 3, regeneration 1, shaggy fur 1, tough skin 3
a: Divine Shield, Cleansing Flame, Summon Divine Warrior, Renounce Religion


You were on level 11 of the Dungeon.
You worshipped the Shining One.
The Shining One was extremely pleased with you.
You visited 2 branches of the dungeon, and saw 12 of its levels.

You collected 558 gold pieces.
You spent 28 gold pieces at shops.

Inventory:

Missiles
 z - a throwing net (quivered)
Armour
 b - a +0 kite shield (worn)
 y - +0 swamp dragon scales (worn)
Jewellery
 q - an amulet of the acrobat (around neck)
 D - a ring of protection from cold (right claw)
 J - a +6 ring of strength (left claw)
Wands
 n - a wand of enslavement (8)
 p - a wand of digging (3)
 r - a wand of flame (16)
 B - a wand of acid (11)
 G - a wand of polymorph (9)
Scrolls
 d - 4 scrolls of blinking {unknown}
 e - 5 scrolls of teleportation {unknown}
 f - a scroll of acquirement {unknown}
 h - a scroll of fear {unknown}
 i - a scroll of magic mapping {unknown}
 l - 2 scrolls of enchant armour {unknown}
 m - 9 scrolls of remove curse {unknown}
 o - a scroll of fog {unknown}
 s - 2 scrolls of enchant weapon {unknown}
 t - a scroll of amnesia {unknown}
 u - a scroll of torment {unknown}
 A - a scroll of vulnerability {unknown}
 F - a scroll of random uselessness {unknown}
 H - 3 scrolls of identify
Potions
 a - a potion of resistance
 c - a potion of might
 g - a potion of flight
 j - a potion of lignification
 k - 4 potions of curing
 v - a potion of invisibility
 w - 2 potions of heal wounds
 x - a potion of haste {unknown}
 C - 3 potions of stabbing {unknown}
 E - a potion of cancellation {unknown}
 I - a potion of magic {unknown}


   Skills:
 + Level 8.6 Fighting
 + Level 8.7(8.6) Dodging
 - Level 9.0(8.9) Shields
 - Level 2.0(1.9) Unarmed Combat
 + Level 8.4(8.3) Invocations


You had 10 spell levels left.
You didn't know any spells.
Your spell library contained the following spells:

 Spells                   Type           Power        Failure   Level
 Blink                    Tloc           N/A          77%         2
 Gell's Gravitas          Tloc           #.........   94%         3
 Lesser Beckoning         Tloc           #.........   94%         3
 Teleport Other           Tloc           #.......     94%         3
 Passage of Golubria      Tloc           N/A          100%        4
 Irradiate                Conj/Tmut      #.........   100%        5
 Hydra Form               Tmut           #.........   100%        6
 Statue Form              Tmut/Erth      #........    100%        6
 Dragon Form              Tmut           #.........   100%        7


Dungeon Overview and Level Annotations

Branches:
Dungeon (11/15)            Temple (1/1) D:5            Lair (0/6) D:10
    Orc: D:9-12

Altars:
Elyvilon
Gozag
Hepliaklqana
Kikubaaqudgha
Makhleb
Nemelex Xobeh
Okawaru
Qazlal
Ru
Trog
Xom
Zin
The Shining One

Shops:
D:5 (   D:6 }   D:9 ?

Annotations:
D:8 3 runed translucent doors, Shenda's ghost, novice DsGl


Innate Abilities, Weirdness & Mutations

You are too large for most types of armour.
You have claws for hands.
Your natural rate of healing is unusually fast.
You are covered in fur. (AC +1)
You have extremely tough skin. (AC +3)


Message History

You feel very mighty all of a sudden.
The red ugly thing kicks you but does no damage.
The wraith hits you.
You barely miss the red ugly thing.
The red ugly thing is moderately wounded.
The red ugly thing kicks you.
You are engulfed in flames!
You block the wraith's attack.
You mangle the red ugly thing!!
The red ugly thing is severely wounded.
The red ugly thing kicks you.
* * * LOW HITPOINT WARNING * * *
You are engulfed in flames!!
* * * LOW HITPOINT WARNING * * *
The wraith closely misses you.
You claw the red ugly thing!
The red ugly thing is severely wounded.
The red ugly thing kicks you.
* * * LOW HITPOINT WARNING * * *
You are engulfed in flames!
You die...

..###......#####......#..
......J....#.###.........
....................#...
...#....W.<.........####
..###...z............#
...#.....##......#...###
##..#.....##.#J###.....#
###.#.#..##..##Wu..#..##
#....##.###.#..@..####
##.....#.....#.....##
#....#..............#
.....#......#...#.###
....###...#.#.#####
....†###..#####
.....##..### .....†.....#
.....†#....#


You could see a red ugly thing, a wraith and a jelly.

Vanquished Creatures
  5 two-headed ogres
  Urug (D:11)
  2 unseen horrors
  A manticore (D:11)
  Maggie (D:7)
  2 trolls
  A hornet (D:11)
  3 hippogriffs
  A shadow (D:11)
  2 wyverns
  3 yaks (D:10)
  Edmund (D:5)
  7 ice beasts
  5 porcupines (D:10)
  2 sky beasts
  5 orc warriors
  5 black bears
  A black bear (shapeshifter) (D:11)
  4 ogres
  A phantom (D:5)
  4 centaurs
  A crocodile (D:10)
  2 big kobolds
  8 bullfrogs
  A wyvern zombie (D:6)
  2 gnoll sergeants
  A wyvern skeleton (D:10)
  3 scorpions
  21 killer bees
  A centaur zombie (D:5)
  3 howler monkeys
  A bullfrog zombie (D:10)
  6 hounds
  3 centaur skeletons
  3 jellies
  3 orc priests
  A bullfrog skeleton (D:5)
  9 orc wizards
  2 gnoll shamans
  2 iguanas
  10 worker ants
  3 hound skeletons
  2 worker ant zombies
  19 gnolls
  2 howler monkey skeletons
  11 adders
  2 shadow imps
  7 white imps
  An ufetubus (D:6)
  2 oozes
  An adder zombie (D:6)
  4 worms
  6 leopard geckos
  37 orcs
  A bat (D:3)
  2 giant cockroaches
  2 goblins
  3 hobgoblins (D:3)
  8 jackals
  11 kobolds
  2 quokkas
  A ball python (D:5)
  A leopard gecko skeleton (D:6)
  A leopard gecko zombie (D:5)
  3 rats
272 creatures vanquished.

Vanquished Creatures (others)
  50 fungi (D:10)
  41 plants (D:10)
91 creatures vanquished.

Grand Total: 363 creatures vanquished

Notes
Turn   | Place    | Note
-------+----------+-------------------------------------------
     0 | D:1      | Lanoc the Troll Fighter began the quest for the Orb.
     0 | D:1      | Reached XP level 1. HP: 22/22 MP: 0/0
   113 | D:1      | Reached XP level 2. HP: 29/29 MP: 1/1
   240 | D:3      | Reached skill level 3 in Shields
   240 | D:3      | Reached XP level 3. HP: 35/36 MP: 2/2
   307 | D:3      | Reached XP level 4. HP: 44/44 MP: 3/3
   543 | D:3      | Found a faded altar of an unknown god.
   553 | D:3      | Became a worshipper of the Shining One
   553 | D:3      | Reached * piety under the Shining One
   580 | D:3      | Noticed an ogre
   589 | D:3      | Killed an ogre
   589 | D:3      | Reached XP level 5. HP: 30/53 MP: 4/4
   821 | D:4      | Noticed an ogre
   830 | D:4      | Killed an ogre
   830 | D:4      | Reached skill level 4 in Shields
   958 | D:4      | Reached XP level 6. HP: 57/61 MP: 5/5
   978 | D:4      | Found a stormy altar of Qazlal.
  1590 | D:5      | Entered Level 5 of the Dungeon
  1597 | D:5      | Reached ** piety under the Shining One
  1609 | D:5      | Reached skill level 1 in Invocations
  1609 | D:5      | Reached XP level 7. HP: 63/68 MP: 6/6
  1618 | D:5      | Reached skill level 5 in Shields
  1783 | D:5      | Found a bloodstained altar of Trog.
  1786 | D:5      | Noticed Edmund
  1821 | D:5      | Killed Edmund
  2041 | D:5      | Reached XP level 8. HP: 79/79 MP: 8/8
  2315 | D:5      | Reached skill level 6 in Shields
  2401 | D:5      | Found a staircase to the Ecumenical Temple.
  2413 | Temple   | Entered the Ecumenical Temple
  2469 | D:5      | Found Puarghekek's Weapon Boutique.
  2616 | D:5      | Found a burning altar of Makhleb.
  3251 | D:6      | Reached *** piety under the Shining One
  3257 | D:6      | Found Ennetuna's Gadget Shop.
  3294 | D:6      | Reached skill level 5 in Fighting
  3294 | D:6      | Reached skill level 5 in Dodging
  3732 | D:7      | Reached XP level 9. HP: 70/88 MP: 10/10
  3857 | D:7      | Noticed Maggie
  3864 | D:7      | Reached skill level 7 in Shields
  3877 | D:7      | Killed Maggie
  4091 | D:7      | Noticed a two-headed ogre
  4104 | D:7      | Killed a two-headed ogre
  4449 | D:7      | Reached skill level 8 in Shields
  4798 | D:8      | Noticed a two-headed ogre
  4813 | D:8      | Killed a two-headed ogre
  4813 | D:8      | Reached skill level 5 in Invocations
  4813 | D:8      | Reached XP level 10. HP: 43/98 MP: 12/12
  4958 | D:8      | Found a runed translucent gate.
  4959 | D:8      | Found a runed translucent gate.
  4959 | D:8      | Found an opulent altar of Gozag.
  4967 | D:8      | Found a runed translucent gate.
  5107 | D:8      | Noticed Shenda's ghost (novice DsGl)
  5144 | D:8      | Found a sacrificial altar of Ru.
  5720 | D:8      | Found a hazy altar of Hepliaklqana.
  5722 | D:8      | Found a sparkling altar of Nemelex Xobeh.
  5935 | D:9      | Found an iron altar of Okawaru.
  5958 | D:9      | Found Seiss's Magic Scroll Emporium.
  5972 | D:9      | Bought a scroll of identify for 28 gold pieces
  5995 | D:9      | Reached **** piety under the Shining One
  6283 | D:8      | Reached skill level 9 in Shields
  6518 | D:9      | Found an opulent altar of Gozag.
  6756 | D:9      | Found a glowing silver altar of Zin.
  6900 | D:10     | Entered Level 10 of the Dungeon
  6913 | D:10     | Noticed a two-headed ogre
  6915 | D:10     | Noticed a two-headed ogre
  6960 | D:9      | Killed a two-headed ogre
  7077 | D:9      | Killed a two-headed ogre
  7143 | D:10     | Reached XP level 11. HP: 81/109 MP: 15/15
  7258 | D:10     | Identified the cursed +0 ring mail of the Apothecary {rElec
                  | Str+3 Int+4 Dex-5}
  7346 | D:10     | Noticed an unseen horror
  7375 | D:10     | Killed an unseen horror
  7411 | D:10     | Found a staircase to the Lair.
  7888 | D:11     | Reached ***** piety under the Shining One
  7892 | D:11     | Noticed Urug
  7906 | D:11     | Noticed a two-headed ogre
  8072 | D:10     | Killed a two-headed ogre
  8281 | D:11     | Noticed a red ugly thing
  8283 | D:11     | Killed Urug
  8284 | D:11     | Noticed a white ugly thing
  8535 | D:11     | Noticed an unseen horror
  8582 | D:11     | Killed an unseen horror
  8673 | D:11     | Found a shimmering altar of Xom.
  8684 | D:11     | Noticed a red ugly thing
  8722 | D:10     | HP: 1/113 [red ugly thing (17)]
  8761 | D:10     | The Shining One protects you from harm!
  8767 | D:10     | HP: 5/113 [red ugly thing (14)]
  8776 | D:10     | The Shining One protects you from harm!
  8946 | D:11     | Slain by a red ugly thing

Illustrated notes

Levels and vault maps discovered:
D:1:      minmay_arrival_arboretum_small, layout_basic,
          minmay_tree_intersection, nrook_uturn, serial_bayou_pond_b
D:2:      layout_basic, minmay_misc_feat_x, minmay_distorted
D:3:      layout_loops_ring, chequers_ecumenical_altar_simple_redux
D:4:      layout_loops_ring, nicolae_qazlal_general_emergency
D:5:      cheibrodos_fzero, layout_basic, minmay_temple_entry_wispy,
          basic_altar, serial_shops, nicolae_shop_behind_doors,
          minmay_misc_feat_ornament, makhleb_blood_cavern_becter, uniq_edmund
D:6:      layout_loops_ring, serial_shops, shop
D:7:      layout_basic, uniq_maggie
D:8:      layout_basic, nicolae_overflow_crystal_walls,
          nicolae_overflow_hidden_temple, ebering_ghost_gozag
D:9:      kennysheep_ambush_hall, layout_irregular_city, zin_statuary,
          old_standard_altar, grunt_gozag_statues, serial_shops, shop
D:10:     layout_rooms, due_lair_maze_entry_diamond
D:11:     hangedman_cross_cluster, layout_cave_pools, uniq_snorg, uniq_urug
Temple:   nicolae_temple_great_sept

Skill      XL: |  1  2  3  4  5  6  7  8  9 10 11 |
---------------+----------------------------------+-----
Shields        | 3 4 5 6 8 9 |  9.0
Dodging        | 3 4 5 6 7 8 |  8.7
Fighting       | 3 4 5 6 7 8 |  8.6
Invocations    | 1 2 3 5 6 8 |  8.4
Unarmed Combat | |  2.0

Action                   |  1- 3 |  4- 6 |  7- 9 | 10-12 || total
-------------------------+-------+-------+-------+-------++-------
Melee: Unarmed           |    43 |   103 |   363 |   606 ||  1115
Invok: Cleansing Flame   |       |       |       |     1 ||     1
  Use: Scroll            |       |       |       |     6 ||     6
       Potion            |       |       |       |     1 ||     1
Armor: Robe              |    14 |    24 |    61 |       ||    99
       Swamp dragon scal |       |       |    10 |   257 ||   267
Dodge: Dodged            |    10 |    35 |   154 |   450 ||   649
Block: Kite shield       |    18 |    41 |   218 |   536 ||   813

Table legend: (Time is in decaauts)
 A = Elapsed time spent in this place.
 B = Non-inter-level travel time spent in this place.
 C = Inter-level travel time spent in this place.
 D = Time resting spent in this place.
 E = Time spent auto-exploring this place.
 F = Levels seen in this place.
 G = Mean time per level.
                   A        B        C        D        E       F      G
               +--------+--------+--------+--------+--------+-----+--------+
         Total |   8946 |   8705 |    241 |    401 |   6101 |  12 |  745.5 |
       Dungeon |   8944 |   8703 |    241 |    401 |   6101 |  11 |  813.1 |
        Temple |      1 |      1 |      0 |      0 |      0 |   1 |    1.0 |
               +--------+--------+--------+--------+--------+-----+--------+

Top non-repeatable levels by time:
    D:10: 1358 daAuts
     D:9: 1224 daAuts
     D:8: 1157 daAuts
     D:5: 1157 daAuts
     D:7: 1133 daAuts
     D:6: 894 daAuts
     D:4: 769 daAuts
     D:3: 607 daAuts
    D:11: 427 daAuts
     D:1: 142 daAuts
     D:2: 73 daAuts
  Temple: 1 daAuts
